 Dungeon Crawl Stone Soup version 0.31-a0-1127-ge7b2bbabab (webtiles) character file.

Game seed: 4847050156866794115

6950 Jannitor the Fighter (level 10, -8/80 HPs)
             Began as a Mummy Delver on Dec 5, 2023.
             Was a Priest of Trog.
             Killed from afar by a tengu conjurer (15 damage)
             ... with a bolt of lightning
             ... on level 11 of the Dungeon.
             The game lasted 00:17:41 (9301 turns).

Jannitor the Fighter (Mummy Delver)                 Turns: 9301, Time: 00:17:42

Health: -8/80      AC: 15    Str: 20    XL:     10   Next: 80%
Magic:  10/10      EV: 10    Int: 10    God:    Trog [***...]
Gold:   531        SH:  0    Dex: 13    Spells: 9/9 levels left

rFire   x . .        l - +2 flail (drain)
rCold   + + .        (no shield)
rNeg    + + +        o - +0 chain mail
rPois   ∞            s - +0 helmet
rElec   .            (no cloak)
rCorr   .            j - +0 pair of gloves
SInv    .            v - +2 pair of boots
Will    ++++.        (no amulet) Stlth
                     i - ring of willpower
HPRegen 1.33/turn    w - ring of protection from cold
MPRegen 0.12/turn

%: faith
@: about to teleport, strong-willed, regenerating
A: cold resistance 1, negative energy resistance 3, torment resistance 2, heat
vulnerability 1, in touch with death 1, no potions, faith
a: Renounce Religion, Trog's Hand


You were on level 11 of the Dungeon.
You worshipped Trog.
Trog was most pleased with you.
You visited 1 branch of the dungeon, and saw 11 of its levels.

You collected 531 gold pieces.

Inventory:

Hand Weapons
 a - a +0 mace
 l - a +2 flail of draining (weapon)
 r - a +3 club
 u - a +2 whip of freezing
Missiles
 k - 2 silver javelins
 p - 15 boomerangs
Armour
 b - a +0 leather armour
 j - a +0 pair of gloves (worn)
 m - a +0 ring mail
 o - a +0 chain mail (worn)
 s - a +0 helmet (worn)
 v - a +2 pair of boots (worn)
Jewellery
 i - a ring of willpower (left hand)
 w - a ring of protection from cold (right hand)
Wands
 e - a wand of iceblast (7)
 f - a wand of digging (3)
 h - a wand of charming (8)
 t - a wand of flame (43)
 x - a wand of light (7)
Scrolls
 c - 2 scrolls of fog
 d - a scroll of revelation
 g - 2 scrolls of teleportation
 n - 2 scrolls of poison
 q - 4 scrolls of identify
 y - a scroll of enchant weapon


   Skills:
 + Level 8.1 Fighting
 + Level 6.4 Maces & Flails
 + Level 5.9 Armour
 + Level 6.5 Dodging
 - Level 4.3 Stealth
 + Level 6.0 Evocations


You had 9 spell levels left.
You didn't know any spells.
Your spell library contained the following spells:

 Spells                   Type           Power      Damage    Failure   Level
 Gell's Gravitas          Tloc           0%         N/A       100%        3
 Teleport Other           Tloc           0%         N/A       100%        3
 Dispersal                Tloc           0%         N/A       100%        6


Dungeon Overview and Level Annotations

Branches:
Dungeon (11/15)            Temple (0/1) D:5             Orc (0/2) D:9
   Lair: D:8-11

Altars:
Ashenzari
Dithmenos
Kikubaaqudgha
Makhleb
Nemelex Xobeh
Trog
Uskayaw
Xom

Shops:
D:5 *   D:7 (   D:10 :=[?!

Portals:
Trove: D:10 (give horn of Geryon)

Annotations:
D:5 Blork the orc
D:6 exclusion: door
D:10 Gastronok


Innate Abilities, Weirdness & Mutations

You are immune to poison.
Your flesh is cold resistant. (rC+)
You are immune to negative energy. (rN+++)
You are immune to unholy pain and torment.
You are vulnerable to heat. (rF-)
You are in touch with the powers of death.
You do not drink.
You have a special connection with the divine. (Faith)


Message History

The shadow is moderately damaged.
The shadow hits you.
You hit the shadow.
The shadow is heavily damaged.
The shadow slips into darkness.
The shadow flickers and vanishes!
Deactivating autopickup; reactivate with Ctrl-A.
You hit something.
The shadow strikes at you from the darkness!
Reactivating autopickup.
You hit the shadow.
The shadow is severely damaged.
The shadow slips into darkness.
The shadow flickers and vanishes!
Deactivating autopickup; reactivate with Ctrl-A.
You barely miss something.
The shadow strikes at you from the darkness!
* * * LOW HITPOINT WARNING * * *
Reactivating autopickup.
As you read the scroll of teleportation, it crumbles to dust.
You feel strangely unstable.
The shadow slips into darkness.
The shadow flickers and vanishes!
Deactivating autopickup; reactivate with Ctrl-A.
The shadow strikes at you from the darkness!
* * * LOW HITPOINT WARNING * * *
Reactivating autopickup.
Your surroundings suddenly seem different.
A tengu conjurer, a kobold brigand and 6 kobolds come into view.
The kobold brigand is wielding a +0 dagger and quivering poisoned darts.
The tengu conjurer shouts!
The kobold brigand shouts!
The kobold shouts! x3
Unknown command.
As you read the scroll of teleportation, it crumbles to dust.
You feel strangely unstable. The kobold hits you but does no damage.
Unknown command.
Your skin crawls.
You feel strong-willed.
The tengu conjurer points at you and mumbles some strange words.
The bolt of lightning hits you!
You die...

.........##
.........#
.....K..#
#.......###
#.........
#...K...####
#..KKK......
#..Q@.K..#
#...K....#
######+#....
... .


You could see a tengu conjurer, a kobold brigand and 6 kobolds.

Vanquished Creatures
  Erolcha (D:9)
  A two-headed ogre (D:9)
  Pikel (D:5)
  A troll (D:9)
  A hornet (D:10)
  Prince Ribbit (D:5)
  A wyvern (D:7)
  13 yaks
  A steam dragon (D:7)
  Menkaure (D:5)
  An acid dragon (D:7)
  A water moccasin (D:6)
  2 ice beasts
  2 orc warriors
  An ogre (D:7)
  A centaur (D:9)
  3 lemures
  A phantom (D:7)
  6 bullfrogs
  3 kobold brigands
  A scorpion (D:6)
  3 killer bees (D:9)
  2 orc priests
  4 hounds
  A jelly (D:6)
  5 orc wizards
  A gnoll bouda (D:7)
  Ijyb (D:5)
  4 iguanas
  Robin (D:3)
  10 gnolls
  12 adders
  2 shadow imps (D:5)
  2 white imps (D:5)
  3 ufetubi
  3 worms (D:2)
  2 dart slugs
  14 orcs
  9 ball pythons
  6 bats
  5 endoplasms
  2 giant cockroaches (D:1)
  12 goblins
  10 hobgoblins
  19 kobolds
  2 quokkas
  A frilled lizard (D:1)
  2 rats
182 creatures vanquished.

Vanquished Creatures (collateral kills)
  A phantom (D:5)
1 creature vanquished.

Grand Total: 183 creatures vanquished

Notes
Turn   | Place    | Note
-------+----------+-------------------------------------------
     0 | D:5      | Jannitor the Mummy Delver began the quest for the Orb.
     0 | D:5      | Reached XP level 1. HP: 18/18 MP: 1/1
    68 | D:5      | Noticed a scorpion
    91 | D:4      | Found a broken altar of Ashenzari.
   109 | D:2      | Reached XP level 2. HP: 20/24 MP: 2/2
   343 | D:1      | Reached XP level 3. HP: 26/29 MP: 3/3
  1555 | D:2      | Reached XP level 4. HP: 22/35 MP: 4/4
  2009 | D:3      | Found a faded altar of an unknown god.
  2082 | D:3      | Noticed Robin
  2108 | D:3      | Killed Robin
  2115 | D:3      | Reached skill level 1 in Evocations
  2665 | D:4      | Reached XP level 5. HP: 35/42 MP: 5/5
  2767 | D:4      | Reached skill level 1 in Armour
  2865 | D:4      | Found a bloodstained altar of Trog.
  2869 | D:4      | Became a worshipper of Trog the Wrathful
  3014 | D:4      | Found a shadowy altar of Dithmenos.
  3033 | D:4      | Found a burning altar of Makhleb.
  3235 | D:4      | Found an ancient bone altar of Kikubaaqudgha.
  3243 | D:4      | Found a shimmering altar of Xom.
  3296 | D:5      | Noticed a phantom
  3308 | D:5      | Found Cud Voic's Lightly-Used Armoury.
  3332 | D:5      | Killed a phantom
  3333 | D:5      | Reached skill level 4 in Fighting
  3348 | D:5      | Noticed an ice beast
  3351 | D:5      | Noticed a lemure
  3351 | D:5      | Noticed Menkaure
  3351 | D:5      | Noticed Pikel
  3354 | D:5      | Noticed a lemure
  3355 | D:5      | Noticed a lemure
  3363 | D:5      | Killed an ice beast
  3363 | D:5      | Noticed a lemure
  3364 | D:5      | Reached XP level 6. HP: 36/48 MP: 6/6
  3845 | D:5      | Noticed Blork the orc
  3881 | D:5      | Killed Pikel
  3882 | D:5      | Reached XP level 7. HP: 10/55 MP: 7/7
  3888 | D:5      | HP: 2/55 [white imp/puff of frost (4)]
  4177 | D:5      | Killed Menkaure
  4178 | D:5      | Reached skill level 5 in Fighting
  4229 | D:5      | Found a staircase to the Ecumenical Temple.
  4242 | D:5      | Noticed Prince Ribbit
  4262 | D:5      | Killed Prince Ribbit
  4263 | D:5      | Reached XP level 8. HP: 42/62 MP: 8/8
  4718 | D:5      | Reached * piety under Trog
  4740 | D:5      | Noticed Ijyb
  4794 | D:5      | Killed Ijyb
  6134 | D:7      | Reached skill level 6 in Fighting
  6340 | D:6      | Reached ** piety under Trog
  6341 | D:6      | Reached XP level 9. HP: 52/69 MP: 9/9
  6665 | D:7      | Found Pirhuxoscha's Antique Weapon Shop.
  6775 | D:7      | Found a hide-covered altar of Uskayaw.
  6868 | D:7      | Reached skill level 5 in Maces & Flails
  6868 | D:7      | Reached skill level 5 in Dodging
  7241 | D:8      | Noticed a kobold demonologist
  7242 | D:8      | Noticed a deep elf pyromancer
  7500 | D:9      | Found a staircase to the Orcish Mines.
  7548 | D:9      | Reached *** piety under Trog
  7604 | D:9      | Noticed Erolcha
  7609 | D:9      | Killed Erolcha
  7610 | D:9      | Reached skill level 7 in Fighting
  7610 | D:9      | Reached skill level 5 in Evocations
  7636 | D:9      | Noticed a two-headed ogre
  7641 | D:9      | Killed a two-headed ogre
  7642 | D:9      | Reached skill level 5 in Armour
  7642 | D:9      | Reached XP level 10. HP: 79/79 MP: 10/10
  7935 | D:9      | Found a sparkling altar of Nemelex Xobeh.
  8260 | D:10     | Entered Level 10 of the Dungeon
  8359 | D:10     | Found Jukecos's Magic Scroll Shop.
  8502 | D:10     | Found Noilui's Distillery.
  8516 | D:10     | Found a portal to a secret trove of treasure.
  8589 | D:10     | Reached skill level 8 in Fighting
  8692 | D:10     | Found Vunu Hia's Antique Armour Emporium.
  8701 | D:10     | Found Okhloifue's Jewellery Shop.
  8721 | D:10     | Noticed Gastronok
  8773 | D:10     | Found Qyzai's Book Emporium.
  9301 | D:11     | Killed from afar by a tengu conjurer

Illustrated notes

Levels and vault maps discovered:
D:1:      ldierk_walled_garden_2, layout_basic
D:2:      layout_basic, dreamdust_princess_bridge, grunt_decor_clamped
D:3:      layout_loops_ring, hellmonk_ecumenical_altar_run_dry,
          grunt_decor_junction, glass_columns_c, uniq_robin
D:4:      layout_cave_pools, mainiacjoe_overflow_concentric_impassable,
          bloody_makhleb, marbit_many_paths,
          mainiacjoe_overflow_small_starburst, nicolae_dithmenos_the_darkroom,
          amethyst_overflow_temple_binary, serial_park, serial_park_square2,
          st_stairs_5, reono_crystal_passage
D:5:      layout_loops_ring, minmay_temple_entry_wispy, minmay_shop_damaged,
          dk_vineyard_1, uniq_pikel, uniq_prince_ribbit1, uniq_menkaure,
          uniq_ijyb, uniq_blork_the_orc
D:6:      minmay_octagon_keep, layout_loops_ring, sigmund_army
D:7:      layout_gridville, eat_drink_and_be_merry_uskayaw, serial_shops,
          nicolae_shop_waterfront
D:8:      minmay_quarter_circles, layout_basic, grunt_lair_entry_orc_guard_hut,
          serial_library, serial_library_hellmonk_narrow_alcove,
          serial_library_hellmonk_room_b, serial_library_hellmonk_u_bend,
          serial_library_regret_index_headful,
          serial_library_hellmonk_open_square, serial_library_hellmonk_room_c,
          serial_library_hellmonk_room_c, serial_library_hellmonk_layered_room,
          uniq_erica
D:9:      nicolae_BIG_FREAKIN_CUBE, layout_basic, amcnicky_altar_gilded,
          uniq_erolcha
D:10:     layout_basic, serial_shops, nicolae_book_shop_shelving, shop, shop,
          nicolae_shop_pleasant_corner_grove, shop, nicolae_trove_entry_columns,
          uniq_gastronok
D:11:     layout_basic, ebering_ghost_funeral_grove, nemelex_lonely_heart_becter

Skill      XL: |  1  2  3  4  5  6  7  8  9 10 |
---------------+-------------------------------+-----
Dodging        | 2 3 4 5 6 |  6.5
Maces & Flails | 2 3 4 5 6 |  6.4
Evocations     | 1 2 3 4 5 6 |  6.0
Armour         | 1 2 3 5 |  5.9
Fighting       | 4 5 6 7 8 |  8.1
Stealth        | |  4.3

Action                     |  1- 3 |  4- 6 |  7- 9 | 10-12 || total
---------------------------+-------+-------+-------+-------++-------
  Melee: Mace              |   134 |    48 |       |       ||   182
         Club              |       |   163 |     5 |       ||   168
         Punch             |       |     2 |     2 |     1 ||     5
         Whip              |       |       |   100 |       ||   100
         Flail             |       |       |   269 |   156 ||   425
 Invoke: Trog's Hand       |       |       |       |     1 ||     1
  Evoke: Wand              |     1 |     4 |    17 |       ||    22
    Use: Scroll            |     2 |     3 |    10 |     3 ||    18
   Stab: Sleeping          |     5 |     1 |     4 |       ||    10
         Distracted        |     1 |       |     1 |       ||     2
         Invisible         |       |     2 |       |       ||     2
 Armour: Leather armour    |    76 |       |       |       ||    76
         Ring mail         |    14 |   162 |   124 |       ||   300
         Chain mail        |       |       |   172 |   129 ||   301
  Dodge: Dodged            |    93 |   140 |   262 |    91 ||   586

Table legend: (Time is in decaauts)
 A = Elapsed time spent in this place.
 B = Non-inter-level travel time spent in this place.
 C = Inter-level travel time spent in this place.
 D = Time resting spent in this place.
 E = Time spent auto-exploring this place.
 F = Levels seen in this place.
 G = Mean time per level.
                   A        B        C        D        E       F      G
               +--------+--------+--------+--------+--------+-----+--------+
         Total |   9447 |   9132 |    315 |   1239 |   5627 |  11 |  858.8 |
       Dungeon |   9447 |   9132 |    315 |   1239 |   5627 |  11 |  858.8 |
               +--------+--------+--------+--------+--------+-----+--------+

Top non-repeatable levels by time:
     D:6: 1412 daAuts
     D:5: 1368 daAuts
     D:7: 1022 daAuts
     D:1: 993 daAuts
     D:3: 966 daAuts
     D:2: 951 daAuts
    D:10: 949 daAuts
     D:9: 849 daAuts
     D:4: 734 daAuts
     D:8: 174 daAuts
    D:11: 25 daAuts
